 Dungeon Crawl Stone Soup version 0.21.1-1-g345015fe64 (webtiles) character file.

18407 HessuHobo the Basher (level 12, -14/101 HPs)
             Began as a Minotaur Fighter on May 24, 2018.
             Was a Priest of the Shining One.
             Demolished by an enormous slime creature (63 damage)
             ... on level 12 of the Dungeon.
             The game lasted 00:23:30 (11718 turns).

HessuHobo the Basher (Minotaur Fighter)            Turns: 11718, Time: 00:24:00

Health: -14/101    AC: 22    Str: 29    XL:     12   Next: 27%
Magic:  11/11      EV: 12    Int:  5    God:    the Shining One [***...]
Gold:   631        SH: 14    Dex: 17    Spells: 11/11 levels left

rFire    x . .     SeeInvis .   z - +5 flail (freeze)
rCold    + . .     Gourm    .   c - +0 shield
rNeg     + . .     Faith    .   n - +1 plate armour
rPois    .         Spirit   .   (helmet unavailable)
rElec    .         Reflect  .   (no cloak)
rCorr    .         Harm     .   (no gloves)
MR       .....     Rnd*Rage +   e - +2 pair of boots
Stlth    ..........             (no amulet)
HPRegen  0.26/turn              j - +3 ring of strength
MPRegen  0.12/turn              d - ring of ice

@: agile, glowing
A: retaliatory headbutt, horns 3, icy blue scales 1, thin skeletal structure 1,
berserk 1
a: Divine Shield, Renounce Religion


You were on level 12 of the Dungeon.
You worshipped the Shining One.
The Shining One was most pleased with you.
You were not hungry.

You visited 2 branches of the dungeon, and saw 13 of its levels.
You visited 1 bazaar.

You collected 746 gold pieces.
You spent 115 gold pieces at shops.

Inventory:

Hand Weapons
 a - a +2 whip of electrocution
 b - a cursed +5 flail
 k - a +2 flail of holy wrath
 z - a +5 flail of freezing (weapon)
 E - a +0 flail of crushing
Armour
 c - a +0 shield (worn)
 e - a +2 pair of boots (worn)
 n - a +1 plate armour (worn)
 A - the +3 ring mail of the Everdark {-Tele rF+++ MR+ Str+3 Stlth-}
   (You found it on level 11 of the Dungeon)

   It affects your strength (+3).
   It renders you almost immune to fire.
   It affects your resistance to hostile enchantments.
   It prevents most forms of teleportation.
   It makes you less stealthy.
Jewellery
 d - a ring of ice (right hand)
 j - a +3 ring of strength (left hand)
Wands
 w - a wand of polymorph (18)
 x - a wand of digging (34)
 C - a wand of paralysis (7)
Scrolls
 g - 2 scrolls of fear
 i - a scroll of identify
 p - a scroll of enchant weapon
 q - 3 scrolls of teleportation
 r - 5 scrolls of remove curse
 s - 2 scrolls of fog
 t - 3 scrolls of amnesia
 v - 4 scrolls of enchant armour
 B - a scroll of blinking
Potions
 h - 3 potions of brilliance
 l - 3 potions of curing
 F - a potion of cancellation
Books
 o - a book of Necromancy

   Spells                             Type                      Level
   a - Pain                           Necromancy                   1
   b - Animate Skeleton               Necromancy                   1
   c - Vampiric Draining              Necromancy                   3
   d - Regeneration                   Charms/Necromancy            3
   e - Animate Dead                   Necromancy                   4
   f - Borgnjor's Vile Clutch         Necromancy/Earth             5
   The Shining One disapproves of the use of such an item.
 u - a book of Maledictions

   Spells                             Type                      Level
   a - Corona                         Hexes                        1
   b - Ensorcelled Hibernation        Hexes/Ice                    2
   c - Confuse                        Hexes                        3
   d - Tukima's Dance                 Hexes                        3
   e - Dazzling Spray                 Conjuration/Hexes            3
 y - a book of Geomancy

   Spells                             Type                      Level
   a - Sandblast                      Earth                        1
   b - Passwall                       Transmutation/Earth          2
   c - Stone Arrow                    Conjuration/Earth            3
   d - Petrify                        Transmutation/Earth          4
   e - Lee's Rapid Deconstruction     Earth                        5
Comestibles
 f - 14 rations


   Skills:
 + Level 8.1 Fighting
 * Level 14.5 Maces & Flails
 * Level 12.1 Armour
 * Level 13.4 Shields


You had 11 spell levels left.
You didn't know any spells.

Dungeon Overview and Level Annotations

Branches:
Dungeon (12/15)            Temple (1/1) D:6            Lair (0/6) D:11
    Orc (0/2) D:11

Altars:
Ashenzari
Cheibriados
Dithmenos
Elyvilon
Fedhas
Gozag
Hepliaklqana
Kikubaaqudgha
Makhleb
Nemelex Xobeh
Okawaru
Qazlal
Ru
Sif Muna
Trog
Uskayaw
Vehumet
Wu Jian
Xom
Yredelemnul
Zin
The Shining One

Shops:
D:6 :   D:10 *   D:11 *


Innate Abilities, Weirdness & Mutations

You reflexively headbutt those who attack you in melee.
You have a pair of large horns on your head.
You are partially covered in icy blue scales. (AC +2)
You have a somewhat thin skeletal structure. (Dex +2, Stealth)
You tend to lose your temper in combat.


Message History

The enormous slime creature is moderately wounded.
The enormous slime creature hits you!!
You sock the enormous slime creature! You freeze the enormous slime creature!
The enormous slime creature is moderately wounded.
The enormous slime creature hits you!
You feel agile all of a sudden.
You block the enormous slime creature's attack.
Okay, then.
You eat one of the 15 rations.
That ration really hit the spot!
The enormous slime creature hits you.
You hit the enormous slime creature. You freeze the enormous slime creature.
You headbutt the enormous slime creature!!
The enormous slime creature is heavily wounded.
You bludgeon the enormous slime creature!!
You freeze the enormous slime creature!
You headbutt the enormous slime creature.
The enormous slime creature is severely wounded.
The enormous slime creature hits you!!!
Ouch! That really hurt!
You die...

####...###########...####
########...###########...####
...................).........
#########..##########........
#..# #.######.
########..##########........
............................
###########.#############...
#@# #.## #J# #.# #.# #.## ..#
#... .... .... ..... ####
....... ..^..... #..(......


You could see an enormous slime creature.

Vanquished Creatures
  Erolcha (D:9)
  5 two-headed ogres
  An unseen horror (D:10)
  Pikel (D:4)
  2 ugly things
  2 cyclopes
  Maurice (D:12)
  The ghost of supermoro the Slasher, a novice MiGl of Gozag (D:5)
  2 trolls (D:10)
  5 slime creatures (D:12)
  Prince Ribbit (D:8)
  A hornet (D:8)
  2 hippogriffs
  A vampire (D:12)
  8 yaks
  2 hungry ghosts
  Grum (D:8)
  An acid dragon (D:11)
  A soldier ant (D:11)
  Duvessa (D:4)
  3 porcupines
  A slave (D:3)
  10 orc warriors
  2 phantoms
  4 black bears
  5 sky beasts
  5 ogres
  3 ice beasts
  An eye of draining (D:11)
  2 necrophages
  4 wolves (D:8)
  2 centaurs (D:9)
  A crocodile (D:10)
  2 big kobolds
  4 bullfrogs
  Dowan (D:4)
  A wyvern skeleton (D:9)
  2 scorpions
  3 killer bees (D:9)
  10 wights
  3 howler monkeys (D:8)
  4 crimson imps
  3 quasits
  6 bullfrog skeletons
  7 hounds
  3 centaur skeletons
  7 orc priests
  An iguana (D:9)
  10 orc wizards
  11 worker ants
  A hound zombie (D:10)
  A hound skeleton (D:11)
  A worker ant zombie (D:8)
  12 adders
  7 gnolls
  2 shadow imps
  2 adder zombies
  2 worms
  A dart slug (D:1)
  4 leopard geckos
  51 orcs
  2 giant cockroaches
  7 goblins
  11 hobgoblins
  8 jackals
  19 kobolds
  3 quokkas
  4 bats
  5 frilled lizards
  A quokka skeleton (D:9)
  8 rats
  2 fungi (D:11)
  A plant (D:11)
316 creatures vanquished.

Vanquished Creatures (others)
  7 fungi (D:11)
  A plant (D:11)
8 creatures vanquished.

Grand Total: 324 creatures vanquished

Notes
Turn   | Place    | Note
-------+----------+-------------------------------------------
     0 | D:1      | HessuHobo the Minotaur Fighter began the quest for the Orb.
     0 | D:1      | Reached XP level 1. HP: 19/19 MP: 0/0
   100 | D:1      | Reached XP level 2. HP: 27/27 MP: 1/1
   470 | D:1      | Reached XP level 3. HP: 31/33 MP: 2/2
   718 | D:1      | Reached skill level 3 in Maces & Flails
  1703 | D:2      | Reached XP level 4. HP: 40/40 MP: 3/3
  1731 | D:2      | Found an ornate altar of the Wu Jian Council.
  1806 | D:2      | Found an ancient bone altar of Kikubaaqudgha.
  2166 | D:3      | Found an iron altar of Okawaru.
  2406 | D:3      | Found a snail-covered altar of Cheibriados.
  2609 | D:4      | Noticed a slave
  2611 | D:4      | Noticed a slave
  2611 | D:4      | Noticed a slave
  2611 | D:4      | Noticed Pikel
  2611 | D:4      | Noticed a slave
  2628 | D:3      | Reached skill level 4 in Maces & Flails
  2628 | D:3      | Reached skill level 5 in Shields
  2628 | D:3      | Reached XP level 5. HP: 25/46 MP: 4/4
  2633 | D:3      | Killed a slave
  2812 | D:5      | Entered Level 5 of the Dungeon
  2989 | D:5      | Reached skill level 5 in Armour
  3036 | D:5      | Gained mutation: You tend to lose your temper in combat. [potion of mutation]
  3036 | D:5      | Gained mutation: You have a somewhat thin skeletal structure. (Dex +2, Stealth) [potion of mutation]
  3036 | D:5      | Gained mutation: You are partially covered in icy blue scales. (AC +2) [potion of mutation]
  3036 | D:5      | Gained mutation: You have a pair of large horns on your head. [potion of mutation]
  3168 | D:5      | Reached XP level 6. HP: 52/52 MP: 5/5
  3299 | D:5      | Found a radiant altar of Vehumet.
  3359 | D:5      | Noticed supermoro's ghost (novice MiGl)
  3395 | D:5      | Killed supermoro's ghost
  3395 | D:5      | Reached skill level 6 in Maces & Flails
  3395 | D:5      | Reached XP level 7. HP: 28/60 MP: 6/6
  3892 | D:6      | Found a staircase to the Ecumenical Temple.
  3901 | Temple   | Entered the Ecumenical Temple
  4141 | D:6      | Found Guaczigh's Book Emporium.
  4278 | D:6      | Reached skill level 7 in Maces & Flails
  4325 | D:6      | Found a shimmering altar of Xom.
  4341 | D:6      | Reached XP level 8. HP: 58/67 MP: 7/7
  4477 | D:6      | Found a hazy altar of Hepliaklqana.
  4573 | D:6      | Found a stormy altar of Qazlal.
  5115 | D:7      | Found a sacrificial altar of Ru.
  5376 | D:7      | Reached skill level 5 in Fighting
  5376 | D:7      | Reached skill level 8 in Maces & Flails
  5711 | D:7      | Reached skill level 9 in Maces & Flails
  5975 | D:8      | Noticed Prince Ribbit
  5989 | D:7      | Reached XP level 9. HP: 24/74 MP: 8/8
  6238 | D:8      | Killed Prince Ribbit
  6344 | D:8      | Reached skill level 10 in Maces & Flails
  6352 | D:8      | Noticed a two-headed ogre
  6368 | D:8      | Killed a two-headed ogre
  6375 | D:8      | Reached skill level 11 in Maces & Flails
  6409 | D:8      | Noticed Grum
  6432 | D:8      | Killed Grum
  6437 | D:8      | Reached XP level 10. HP: 45/83 MP: 9/9
  6803 | D:8      | Found a sacrificial altar of Ru.
  6852 | D:8      | Noticed a two-headed ogre
  6861 | D:8      | Killed a two-headed ogre
  7178 | D:8      | Found a bloodstained altar of Trog.
  7568 | D:9      | Reached skill level 10 in Shields
  7591 | D:9      | Noticed Erolcha
  7598 | D:9      | Killed Erolcha
  7598 | D:9      | Reached skill level 12 in Maces & Flails
  7598 | D:9      | Reached skill level 10 in Armour
  7922 | D:9      | Noticed a cyclops
  7929 | D:9      | Killed a cyclops
  8021 | D:9      | Found a glowing golden altar of the Shining One.
  8038 | D:9      | Became a worshipper of the Shining One
  8048 | D:9      | Noticed a two-headed ogre
  8061 | D:9      | Killed a two-headed ogre
  8671 | D:4      | Reached XP level 11. HP: 91/91 MP: 10/10
  8702 | D:4      | Found a radiant altar of Vehumet.
  8727 | D:4      | Killed Pikel
  8914 | D:4      | Noticed Duvessa
  8916 | D:4      | Noticed Dowan
  8920 | D:4      | Killed Duvessa
  8926 | D:4      | Killed Dowan
  9042 | D:4      | Found a deep blue altar of Sif Muna.
  9043 | D:4      | Found a white marble altar of Elyvilon.
  9262 | D:10     | Entered Level 10 of the Dungeon
  9628 | D:10     | Reached * piety under the Shining One
  9774 | D:10     | Reached skill level 13 in Maces & Flails
  9927 | D:10     | Noticed an unseen horror
  9941 | D:10     | Killed an unseen horror
  9957 | D:10     | Noticed a two-headed ogre
  9970 | D:10     | Killed a two-headed ogre
 10015 | D:10     | Found Ixutom's Assorted Antiques.
 10191 | D:11     | Found a staircase to the Lair.
 10393 | D:11     | Noticed a white ugly thing
 10393 | D:11     | Reached ** piety under the Shining One
 10423 | D:10     | Killed a white ugly thing
 10785 | D:11     | Got a polished ring mail
 10813 | D:11     | Reached skill level 14 in Maces & Flails
 10822 | D:11     | Identified the +3 ring mail of the Everdark {-Tele rF+++ MR+ Str+3 Stlth-} (You found it on level 11 of the Dungeon)
 10828 | D:11     | Found Viguzo's Elemental Accessories.
 10937 | D:11     | Found a flickering gateway to a bazaar.
 10971 | Bazaar   | Entered a bazaar
 10976 | Bazaar   | Found Uxza Nur's Antique Armour Shop.
 10985 | Bazaar   | Found Akic's Assorted Antiques.
 10994 | Bazaar   | Found Fofioj's Magic Scroll Emporium.
 11007 | Bazaar   | Found Nuthe's Assorted Antiques.
 11020 | Bazaar   | Bought a scroll of teleportation for 33 gold pieces
 11020 | Bazaar   | Bought a scroll of blinking for 82 gold pieces
 11329 | D:11     | Found a staircase to the Orcish Mines.
 11336 | D:11     | Reached XP level 12. HP: 101/101 MP: 11/11
 11509 | D:12     | Noticed Maurice
 11527 | D:12     | Killed Maurice
 11664 | D:12     | Noticed a two-headed ogre
 11668 | D:12     | Killed a two-headed ogre
 11696 | D:12     | Reached *** piety under the Shining One
 11718 | D:12     | Demolished by an enormous slime creature

Skill      XL: |  1  2  3  4  5  6  7  8  9 10 11 12 |
---------------+-------------------------------------+-----
Armour         | 4 5 6 7 9 10 11 12 | 12.1
Shields        | 4 5 6 8 9 11 12 13 | 13.4
Maces & Flails | 3 4 6 7 9 11 12 14 | 14.5
Fighting       | 4 5 6 7 8 |  8.1

Action                   |  1- 3 |  4- 6 |  7- 9 | 10-12 || total
-------------------------+-------+-------+-------+-------++-------
Melee: Flail             |    94 |   167 |   264 |   487 ||  1012
       Headbutt          |    10 |    24 |    54 |   113 ||   201
  Use: Scroll            |     2 |     6 |     5 |     8 ||    21
       Potion            |       |     9 |     4 |     5 ||    18
  Eat: Chunk             |     2 |     5 |     3 |    12 ||    22
       Ration            |       |       |     3 |     2 ||     5
Armor: Scale mail        |    25 |       |       |       ||    25
       Plate armour      |    13 |    91 |   115 |   195 ||   414
Dodge: Dodged            |    32 |    43 |    48 |   112 ||   235
Block: Shield            |    43 |   105 |   125 |   298 ||   571
